 Dungeon Crawl Stone Soup version 0.29.1-debian-4-g95531337e3 (webtiles) character file.

Game seed: 11756512192638092868

154 Malachi the Shooter (level 5, -6/38 HPs)
             Began as a Demonspawn Hunter on Sept 13, 2022.
             Killed by divine providence
             ... invoked by an orc priest
              (10 damage)
             ... on level 4 of the Dungeon.
             The game lasted 00:02:29 (3866 turns).

Malachi the Shooter (Demonspawn Hunter)             Turns: 3866, Time: 00:02:30

Health: -6/38      AC:  3    Str: 12    XL:     5   Next: 13%
Magic:  5/5        EV: 12    Int: 10    God:
Gold:   142        SH:  4    Dex: 18    Spells: 4/4 levels left

rFire   . . .      SeeInvis .   a - +0 shortbow
rCold   + . .      Faith    .   (shield currently unavailable)
rNeg    . . .      Spirit   .   c - +0 leather armour
rPois   .          Reflect  .   (no helmet)
rElec   .          Harm     .   (no cloak)
rCorr   +          Rampage  .   (no gloves)
Will    .....                   (no boots)
Stlth   ++........              (no amulet)
HPRegen 0.12/turn               n - ring of protection from cold
MPRegen 0.09/turn               q - ring of resist corrosion

@: brilliant
A: large bone plates 1, demonic magic 1
a: no special abilities


You were on level 4 of the Dungeon.
You visited 1 branch of the dungeon, and saw 4 of its levels.

You collected 142 gold pieces.

Inventory:

Hand Weapons
 a - a +0 shortbow (weapon)
 e - a +2 dagger of speed
Missiles
 m - 11 poisoned darts (quivered)
Armour
 c - a +0 leather armour (worn)
Jewellery
 g - a ring of ice
 n - a ring of protection from cold (left hand)
 q - a ring of resist corrosion (right hand)
Wands
 r - a wand of mindburst (11)
Scrolls
 b - a scroll of immolation
 f - 2 scrolls of noise {unknown}
 j - a scroll of identify {unknown}
 k - 2 scrolls of butterflies {unknown}
 l - a scroll of vulnerability {unknown}
 t - a scroll of enchant armour {unknown}
Potions
 h - a potion of degeneration {unknown}
 i - a potion of brilliance
 o - a potion of lignification {unknown}
 p - a potion of heal wounds {unknown}
 s - a potion of haste {unknown}


   Skills:
 - Level 2.0 Fighting
 + Level 5.9 Ranged Weapons
 - Level 1.7 Dodging
 - Level 0.8 Stealth


You had 4 spell levels left.
You didn't know any spells.
Your spell library contained the following spells:

 Spells                   Type           Power      Damage    Failure   Level
 Malign Gateway           Summ/Tloc      0%         N/A       100%        7
 Summon Horrible Things   Summ           0%         N/A       100%        8


Dungeon Overview and Level Annotations

Branches:
Dungeon (4/15)
 Temple: D:4-7

Altars:
Wu Jian

Shops:
D:4 !


Innate Abilities, Weirdness & Mutations

You are partially covered in large bone plates. (SH +4)
Spells you cast may paralyse adjacent enemies.


Message History

Beogh smites you!
You shoot an arrow. The arrow completely misses the orc.
You shoot an arrow. The arrow hits the orc!
You kill the orc!
You shoot an arrow. The arrow hits the orc priest.
The orc priest is lightly wounded.
The orc wizard gestures at you while chanting.
You are confused.
You are too confused!
You are too confused!
You are too confused!
Unknown command.
You bump into the rock wall.
A ball python comes into view.
The orc priest hits you with a +0 mace.
The orc wizard gestures at you while chanting.
The puff of flame hits you!
An orc comes into view. It is wielding a +0 club.
The orc shouts!
The orc priest hits you with a +0 mace.
* * * LOW HITPOINT WARNING * * *
It was a potion of brilliance.
You feel clever all of a sudden.
The orc drinks a potion.
The orc suddenly seems more resistant.
The orc priest closely misses you. The orc wizard misses you.
It was a potion of curing.
You feel better. You block the orc priest's attack.
The orc wizard casts a spell at you. You resist with some effort.
The orc priest hits you with a +0 mace.
* * * LOW HITPOINT WARNING * * *
The orc wizard casts a spell at you. The puff of flame hits you!
* * * LOW HITPOINT WARNING * * *
The orc priest attacks as you move away!
The orc priest barely misses you.
The orc priest attacks as you move away!
The orc priest misses you.
The orc priest invokes the aid of Beogh against you.
Beogh smites you!
You die...

#.$.. ........# #....
..o≈≈...# #...
♣.)≈≈..#
#...♣♣......# #. .
#:..........# #.#.
#.##o....##.# ##.#.
#..o##.####.#####....
##..##...##..........
##.@.........# #....
#.........#.###....
##.........#..8...<.
#..........#........
#..........#....∩.).
#..........#........
#>.#.....#.#..>...8#
#..##...##........##
#.. ........8.....#


You could see an orc priest.

Vanquished Creatures
  A scorpion (D:3)
  3 adders
  A worm (D:3)
  3 dart slugs
  2 orcs (D:4)
  4 ball pythons
  3 bats
  9 endoplasms
  3 giant cockroaches (D:1)
  4 goblins
  A hobgoblin (D:1)
  4 jackals (D:1)
  3 quokkas
  2 frilled lizards
  6 kobolds
  3 rats
52 creatures vanquished.

Notes
Turn   | Place    | Note
-------+----------+-------------------------------------------
     0 | D:1      | Malachi the Demonspawn Hunter began the quest for the Orb.
     0 | D:1      | Reached XP level 1. HP: 16/16 MP: 1/1
   278 | D:1      | Reached skill level 4 in Ranged Weapons
   283 | D:1      | Gained mutation: You are partially covered in large bone
                  | plates. (SH +4) [demonic ancestry]
   283 | D:1      | Reached XP level 2. HP: 7/22 MP: 2/2
  1178 | D:1      | Reached XP level 3. HP: 27/27 MP: 3/3
  1182 | D:1      | Found a faded altar of an unknown god.
  2608 | D:3      | Reached skill level 5 in Ranged Weapons
  2639 | D:3      | Noticed a scorpion
  2649 | D:3      | Killed a scorpion
  2650 | D:3      | Gained mutation: Spells you cast may paralyse adjacent
                  | enemies. [demonic ancestry]
  2650 | D:3      | Reached XP level 4. HP: 23/33 MP: 4/4
  3062 | D:3      | Reached XP level 5. HP: 28/38 MP: 5/5
  3829 | D:4      | Found Lowkor's Distillery.
  3850 | D:4      | Found an ornate altar of the Wu Jian Council.
  3866 | D:4      | Killed from afar by an orc priest

Illustrated notes

Levels and vault maps discovered:
D:1:      minmay_arrival_stair_chambers, layout_basic,
          hellmonk_ecumenical_altar_prayer_group, interstate_on_off
D:2:      layout_basic, chequers_serial_rivers_micro_b, st_stairs_7
D:3:      cheibrodos_helix_gallery, layout_basic
D:4:      layout_loops_ring, nicolae_wu_jian_wuxing_cycle, serial_shops,
          nicolae_stop_n_shop_1, minmay_small_thing

Skill      XL: |  1  2  3 |
---------------+----------+-----
Ranged Weapons | 4 5 |  5.9
Fighting       | |  2.0
Dodging        | |  1.7
Stealth        | |  0.8

Action                   |  1- 3 |  4- 6 || total
-------------------------+-------+-------++-------
 Fire: Shortbow          |   121 |    35 ||   156
Throw: Dart              |     5 |       ||     5
  Use: Potion            |       |     2 ||     2
Armor: Leather armour    |    16 |       ||    16
Dodge: Dodged            |    31 |     7 ||    38
Block: Other             |     3 |     1 ||     4
